 Dungeon Sprint DCSS version 0.19-a0-944-gb338e1e (webtiles) character file.

1003 zero the Unseen (level 8, -9/36 HPs)
             Began as a Spriggan Enchanter on July 9, 2016.
             Shot with an arrow by a centaur warrior (29 damage)
             ... in the Dungeon (Sprint I: "Red Sonja").
             The game lasted 00:02:42 (148 turns).

zero the Unseen (Spriggan Enchanter)                 Turns: 148, Time: 00:02:43

Health: -9/36      AC:  3    Str:  6    XL:     8   Next: 0%
Magic:  19/24      EV: 18    Int: 17    God:
Gold:   285        SH:  0    Dex: 16    Spells: 5 memorised, 18 levels left

rFire  . . .     SeeInvis +     a - +1 dagger
rCold  . . .     Gourm    .     b - +1 robe
rNeg   . . .     Faith    .     (shield restricted)
rPois  .         Spirit   .     (helmet restricted)
rElec  .         Dismiss  .     (no cloak)
rCorr  .         Reflect  .     (gloves unavailable)
SustAt .         Harm     .     (boots unavailable)
MR     +....     NoTele   +     (no amulet)
Stlth  ++++......               (no ring)
                                (no ring)

@: very quick, somewhat resistant to hostile enchantments, stealthy
A: unfitting armour, see invisible, herbivore 3, speed 3, slow metabolism 2
a: no special abilities


You were in the Dungeon.
You were not hungry.

You visited 1 branch You collected 405 gold pieces.
You spent 120 gold pieces at shops.

Inventory:

Hand Weapons
 a - a +1 dagger (weapon)
 l - a +7 blowgun
Missiles
 m - 10 curare-tipped needles
 n - a throwing net (quivered)
Armour
 b - a +1 robe (worn)
Wands
 k - a wand of polymorph (9/24)
Scrolls
 j - 2 scrolls of blinking
Potions
 e - a potion of curing
 f - 2 potions of heal wounds
 g - a potion of haste
 h - 2 potions of magic
 i - a potion of berserk rage
Books
 c - a book of Maledictions

   Spells                             Type                      Level
   a - Corona                         Hexes                        1
   b - Ensorcelled Hibernation        Hexes/Ice                    2
   c - Confuse                        Hexes                        3
   d - Tukima's Dance                 Hexes                        3
   e - Dazzling Spray                 Conjuration/Hexes            3
Comestibles
 d - a bread ration


   Skills:
 + Level 10.7 Short Blades
 - Level 3.0 Dodging
 * Level 15.9 Stealth
 + Level 11.9 Spellcasting
 - Level 3.6 Hexes


You had 18 spell levels left.
You knew the following spells:

 Your Spells              Type           Power        Failure   Level  Hunger
a - Corona                Hex            ###....      1%          1    None
b - Ensorcelled Hibernat  Hex/Ice        ###...       6%          2    None
c - Confuse               Hex            ###.....     6%          3    None
d - Tukima's Dance        Hex            ###.....     6%          3    None
e - Dazzling Spray        Conj/Hex       ###...       12%         3    None


Dungeon Overview and Level Annotations

Branches:
Dungeon (1/1)

Altars:
Elyvilon
Gozag
Hepliaklqana
Kikubaaqudgha
Makhleb
Nemelex Xobeh
Okawaru
Pakellas
Qazlal
Ru
Sif Muna
Trog
Uskayaw
Vehumet
Xom
Yredelemnul
Zin
The Shining One

Shops:
D ?


Innate Abilities, Weirdness & Mutations

You are tiny and cannot use many weapons and most armour.
You have supernaturally acute eyesight. (SInv)
You are a herbivore.
You cover ground extremely quickly.
You need consume almost no food.


Message History

Found a throwing net.
There is an open door here.
You see here a throwing net.
n - a throwing net
There is an open door here.
There is a deep blue altar of Sif Muna here.
You open the door.
Found 23 gold pieces.
There is an open door here.
You enter the shallow water.
Moving in this stuff is going to be slow.
A centaur warrior comes into view. x2
The centaur warrior shouts! x2
The centaur warrior wields a longbow.
The centaur warrior shoots an arrow.
The arrow hits you!
You hear a splash.
The centaur warrior wields a longbow.
The centaur warrior shoots an arrow.
The arrow hits you!!
Ouch! That really hurt!
You die...

##############*******************
.#.)'..#.)'..#__*,,+,,,*,,*,,,,+,
.'..#.)'..#..+,,+,,*,,,**+*,****,
.#####'#####'#__*###,,,+,,*,*,***
.####..#...#[####§$#****,,+,*+*,*
.#__####..##(#§§§§c#,,**+****,,,*
.#_____##'#..'§§@§§+,,*,,,,,*,,,*
⌠#_.∩...'..._#§§§§c#,,*,,,,,+,,,,
##_._._##_.#'##+####*+***,,,*,,,,
,#_____###'#.#,,,,***,+,*,,,***++
*#########.###*+***,***,*,,***,,*
,,,,,,,,+...+,,,,,+,∩**,*,,****,,
*++++***#.).#**********,**+*,,*,,
,,,,,,**##.##*,,,,,,,**,**,*,,,,,
,,,,,,,*,#+#,*,,,,,,,,+,****,,,,,


You could see 2 centaur warriors.

Vanquished Creatures
  Sonja (D)
  Sigmund (D)
  A yak (D)
  An ogre (D)
  A jelly (D)
  Ijyb (D)
6 creatures vanquished.

Notes
Turn   | Place    | Note
-------+----------+-------------------------------------------
     0 | D        | zero the Spriggan Enchanter began the quest for the Orb.
     0 | D        | Reached XP level 1. HP: 9/9 MP: 5/5
     1 | D        | Noticed Ijyb
     6 | D        | Killed Ijyb
     6 | D        | Reached skill level 5 in Spellcasting
     6 | D        | Reached XP level 2. HP: 13/13 MP: 5/9
    10 | D        | Learned a level 2 spell: Ensorcelled Hibernation
    15 | D        | Noticed an ogre
    18 | D        | Killed an ogre
    18 | D        | Reached XP level 3. HP: 16/16 MP: 6/13
    18 | D        | Reached XP level 4. HP: 21/21 MP: 6/15
    30 | D        | Noticed Sigmund
    33 | D        | Killed Sigmund
    33 | D        | Reached skill level 10 in Stealth
    33 | D        | Reached XP level 5. HP: 24/24 MP: 7/18
    33 | D        | Reached XP level 6. HP: 28/28 MP: 7/19
    47 | D        | Found a deep blue altar of Sif Muna.
    49 | D        | Found a radiant altar of Vehumet.
    60 | D        | Learned a level 3 spell: Confuse
    64 | D        | Learned a level 3 spell: Tukima's Dance
    68 | D        | Learned a level 3 spell: Dazzling Spray
    72 | D        | Noticed Sonja
    76 | D        | Killed Sonja
    76 | D        | Reached skill level 10 in Short Blades
    76 | D        | Reached skill level 15 in Stealth
    76 | D        | Reached XP level 7. HP: 32/32 MP: 13/23
    97 | D        | Found Istrav's Magic Scroll Emporium.
    97 | D        | Found a white marble altar of Elyvilon.
    97 | D        | Found a stormy altar of Qazlal.
    97 | D        | Found a burning altar of Makhleb.
    97 | D        | Found a sacrificial altar of Ru.
    97 | D        | Found a hazy altar of Hepliaklqana.
    97 | D        | Found an oddly glowing altar of Pakellas.
    97 | D        | Found a hide-covered altar of Uskayaw.
    97 | D        | Found a basalt altar of Yredelemnul.
    97 | D        | Found a glowing golden altar of the Shining One.
    97 | D        | Found a sparkling altar of Nemelex Xobeh.
    97 | D        | Found a shimmering altar of Xom.
    97 | D        | Found an opulent altar of Gozag.
    97 | D        | Found an ancient bone altar of Kikubaaqudgha.
    97 | D        | Found a glowing silver altar of Zin.
    97 | D        | Noticed a yak
   100 | D        | Killed a yak
   100 | D        | Reached XP level 8. HP: 36/36 MP: 13/24
   101 | D        | Found an iron altar of Okawaru.
   102 | D        | Found a bloodstained altar of Trog.
   106 | D        | Bought a scroll of magic mapping for 38 gold pieces
   106 | D        | Bought a scroll of blinking for 82 gold pieces
   146 | D        | Noticed a centaur warrior
   147 | D        | Noticed a centaur warrior
   148 | D        | Shot with an arrow by a centaur warrior

Vault maps used:
D:        dungeon_sprint_1

Skill      XL: |  1  2  3  4  5  6 |
---------------+-------------------+-----
Short Blades   | 4 7 8 10 | 10.7
Spellcasting   | 5 8 9 11 | 11.9
Stealth        | 10 15 | 15.9
Dodging        | |  3.0
Hexes          | |  3.6

Action                   |  1- 3 |  4- 6 |  7- 9 || total
-------------------------+-------+-------+-------++-------
Melee: Dagger            |     4 |     3 |     1 ||     8
 Cast: Ensorcelled Hiber |       |       |     2 ||     2
  Use: Scroll            |       |       |     1 ||     1
 Stab: Sleeping          |     2 |     3 |     1 ||     6
Dodge: Dodged            |     2 |       |     1 ||     3
